 Dungeon Crawl Stone Soup version 0.27.1-2-g3b301248ec (webtiles) character file.

Game seed: 7981849674680879239

8934 isuldar6 the Reanimator (level 11, -11/91 HPs)
             Began as a Ghoul Necromancer on Sept 30, 2021.
             Was a Priest of Hepliaklqana.
             Shot with an arrow by a centaur warrior (22 damage)
             ... on level 8 of the Dungeon.
             The game lasted 00:57:10 (10305 turns).

isuldar6 the Reanimator (Ghoul Necromancer)        Turns: 10305, Time: 00:57:11

Health: -11/91     AC:  5    Str: 13    XL:     11   Next: 38%
Magic:  15/23      EV: 26    Int: 13    God:    Hepliaklqana [***...]
Gold:   257        SH:  3    Dex:  9    Spells: 24/29 levels left

rFire    + . .     SeeInvis .   (no weapon)
rCold    + . .     Faith    .   g - +0 buckler
rNeg     + + +     Spirit   .   C - +1 robe "Ceakh" {Will+}
rPois    ∞         Reflect  .   (no helmet)
rElec    .         Harm     .   A - +0 cloak
rCorr    .         Rampage  .   B - +0 pair of gloves
Will     +....                  (no boots)
Stlth    ++........             J - amulet of the acrobat
HPRegen  0.00/turn              x - ring of protection from fire
MPRegen  0.18/turn              (no ring)

@: acrobatic, inhibited regen
A: reduced essence, claws 1, cold resistance 1, negative energy resistance 3,
inhibited regeneration, torment resistance 2
a: Renounce Religion, Recall Ancestor, Ancestor Identity, Transference


You were on level 8 of the Dungeon.
You worshipped Hepliaklqana.
Hepliaklqana was most pleased with you.
You visited 1 branch of the dungeon, and saw 8 of its levels.
You also visited: Sewer.

You collected 257 gold pieces.

Inventory:

Hand Weapons
 r - a +0 club
 w - a +3 falchion of flaming
Missiles
 k - 38 poisoned darts
Armour
 a - a +0 robe
 d - a +0 leather armour
 e - a +0 leather armour
 g - a +0 buckler (worn)
 h - a scarf of harm
 A - a +0 cloak (worn)
 B - a +0 pair of gloves (worn)
 C - the +1 robe "Ceakh" (worn) {Will+}
   (You found it on level 5 of the Dungeon)

   Will:      It increases your willpower.
 L - a +2 chain mail of willpower
Jewellery
 x - a ring of protection from fire (left hand)
 J - an amulet of the acrobat (around neck)
Wands
 u - a wand of charming (9)
 D - a wand of acid (10)
Scrolls
 j - 3 scrolls of teleportation {unknown}
 o - a scroll of enchant weapon
 s - 2 scrolls of magic mapping
 t - 2 scrolls of noise {unknown}
 y - a scroll of acquirement {unknown}
 z - a scroll of amnesia {unknown}
 F - 2 scrolls of fear {unknown}
 G - a scroll of summoning {unknown}
 I - a scroll of enchant armour {unknown}
 K - a scroll of holy word {unknown}
Potions
 b - a potion of cancellation
 c - a potion of brilliance
 f - a potion of attraction
 i - 3 potions of curing
 l - a potion of ambrosia {unknown}
 m - 2 potions of flight {unknown}
 n - a potion of lignification {unknown}
 p - a potion of magic
 q - 2 potions of heal wounds
 v - a potion of degeneration {unknown}
 E - 3 potions of mutation {unknown}
 H - 3 potions of haste


   Skills:
 - Level 11.0 Fighting
 - Level 1.7 Dodging
 - Level 2.1 Stealth
 + Level 0.9 Shields
 * Level 9.8 Spellcasting
 + Level 1.2 Hexes
 * Level 11.9 Necromancy
 + Level 1.6 Ice Magic


You had 24 spell levels left.
You knew the following spells:

 Your Spells              Type           Power      Damage    Failure   Level
a - Pain                  Necr           100%       1d9       1%          1
b - Animate Skeleton      Necr           74%        N/A       1%          1
c - Vampiric Draining     Necr           18%        2d8       1%          3

Your spell library contained the following spells:

 Spells                   Type           Power      Damage    Failure   Level
 Animate Dead             Necr           18%        N/A       1%          4
 Agony                    Necr           37%        N/A       3%          5
 Corona                   Hex            10%        N/A       11%         1
 Ensorcelled Hibernation  Hex/Ice        20%        N/A       14%         2
 Blink                    Tloc           N/A        N/A       26%         2
 Ozocubu's Armour         Ice            10%        N/A       26%         3
 Tukima's Dance           Hex            9%         N/A       30%         3
 Inner Flame              Hex/Fire       7%         N/A       36%         3
 Cause Fear               Hex            4%         N/A       71%         4
 Simulacrum               Ice/Necr       12%        N/A       83%         6
 Metabolic Englaciation   Hex/Ice        5%         N/A       95%         5
 Manifold Assault         Tloc           6%         N/A       99%         5
 Dispersal                Tloc           3%         N/A       100%        6
 Discord                  Hex            4%         N/A       100%        8
 Disjunction              Tloc           3%         N/A       100%        8
 Storm Form               Tmut/Air       Unusable   N/A       N/A         7

Dungeon Overview and Level Annotations

Branches:
Dungeon (8/15)             Temple (0/1) D:6           Sewer (visited)
   Lair: D:8-11

Altars:
Fedhas
Hepliaklqana
Okawaru
Qazlal
Ru
Uskayaw
Wu Jian
Xom
Zin

Shops:
D:2 [

Annotations:
D:3 exclusion: downstairs


Innate Abilities, Weirdness & Mutations

Your life essence is reduced to manifest your ancestor. (-10% HP)
You thrive by killing the living.
You are immune to poison.
You have sharp fingernails.
Your flesh is cold resistant. (rC+)
You are immune to negative energy. (rN+++)
You do not regenerate when monsters are visible.
You are immune to unholy pain and torment.


Message History

Press: ? - help, Q - select action, (/) - cycle Shift-Dir - straight line, f/p - gnoll
Aim: a gnoll, wielding a +0 whip (heavily wounded, ally target, chance to affect: 89%) Belshunu avoids your attack.
The gnoll barely resists.
Belshunu blocks the gnoll's attack.
Belshunu hits the gnoll with a +0 flail.
The gnoll dies!
A centaur warrior comes into view. It is wielding a +0 longbow.
Aiming: Pain (safe; 1% risk of failure)
Press: ? - help, Q - select action, (/) - cycle Shift-Dir - straight line, f/p - gnoll
Aim: a gnoll, wielding a +0 whip (heavily wounded, chance to affect: 89%) Belshunu avoids your attack.
The centaur warrior writhes in agony.
The centaur warrior shoots an arrow.
The arrow hits Belshunu!!
Belshunu hits the centaur warrior with a +0 flail!
Aiming: Pain (safe; 1% risk of failure)
Press: ? - help, Q - select action, (/) - cycle Shift-Dir - straight line, f/p - gnoll
Aim: a gnoll, wielding a +0 whip (heavily wounded, chance to affect: 89%) Belshunu avoids your attack.
The gnoll writhes in agony.
The centaur warrior shoots an arrow.
Belshunu blocks the arrow.
Belshunu hits the centaur warrior with a +0 flail.
The centaur warrior shoots an arrow.
The arrow hits Belshunu!
Belshunu is destroyed!
Aiming: Pain (safe; 1% risk of failure)
Press: ? - help, Q - select action, (/) - cycle Shift-Dir - straight line, f/p - gnoll
Aim: a gnoll, wielding a +0 whip (almost dead, chance to affect: 89%)
The gnoll writhes in agony.
You kill the gnoll!
The centaur warrior shoots an arrow.
The arrow completely misses you.
The centaur warrior shoots an arrow.
The arrow completely misses you.
The centaur warrior shoots an arrow.
The arrow hits you!!
The centaur warrior shoots an arrow.
You block the arrow.
The centaur warrior shoots an arrow.
The arrow closely misses you.
The centaur warrior shoots an arrow.
The arrow hits you!!
* * * LOW HITPOINT WARNING * * *
The centaur warrior shoots an arrow.
The arrow closely misses you.
You feel much better.
The centaur warrior shoots an arrow.
The arrow barely misses you.
The centaur warrior shoots an arrow.
The arrow hits you!!
* * * LOW HITPOINT WARNING * * *
The centaur warrior shoots an arrow.
The arrow hits you!!
You die...

#..... .......# #.# #....
......# #.# #...# #.....#
#.# #...#####.....###
#.####..................
#.................# .(..
#.#.##............##...#
#.#.##............#....#
#<#.##........@..#.....
#.#.#.......###.#...#..
###.#.#.......+.......#
....#.#.......###.....#
##..#.#.......##...#.....#
.......†......#....#.###.#
.............#.....#.....#
.......#.###...)#c....#
.####.##.# #....#.###.#


You could see a centaur warrior.

Vanquished Creatures
  A two-headed ogre (D:4)
  Pikel (D:5)
  Eustachio (D:4)
  A sky beast (D:6)
  An orc warrior (D:7)
  An ogre (D:5)
  A lemure (D:4)
  2 kobold brigands
  A gnoll sergeant (D:8)
  A bullfrog (D:6)
  2 scorpions (D:7)
  4 killer bees
  A jelly (D:6)
  A bullfrog skeleton (D:5)
  Jessica (D:2)
  3 orc wizards
  2 gnolls (D:8)
  6 adders
  2 river rats
  3 worms
  2 dart slugs
  15 orcs
  4 endoplasms
  5 giant cockroaches
  15 goblins
  3 hobgoblins
  2 jackals (D:3)
  14 kobolds
  3 quokkas
  8 ball pythons
  A bat (D:1)
  11 frilled lizards
  5 rats
124 creatures vanquished.

Vanquished Creatures (collateral kills)
  An orc warrior (D:4)
  3 necrophages
  An ogre (D:3)
  A centaur (D:6)
  2 phantoms
  2 lemures (D:5)
  A water moccasin zombie (D:5)
  3 killer bees
  A bullfrog zombie (D:7)
  A centaur zombie (D:5)
  A bullfrog skeleton (D:6)
  A hound (D:6)
  A centaur skeleton (D:5)
  3 orc priests
  A scorpion zombie (D:5)
  An iguana (D:5)
  3 orc wizards
  3 gnolls (D:8)
  3 adders
  A shadow imp (D:6)
  An ufetubus (D:6)
  7 orcs
  A ball python (D:3)
  4 goblins (D:3)
  2 hobgoblins
  2 kobolds
  A frilled lizard (D:2)
52 creatures vanquished.

Vanquished Creatures (others)
  5 knights
  An ancestor (D:3)
  5 plants
11 creatures vanquished.

Grand Total: 187 creatures vanquished

Notes
Turn   | Place    | Note
-------+----------+-------------------------------------------
     0 | D:1      | isuldar6 the Ghoul Necromancer began the quest for the Orb.
     0 | D:1      | Reached XP level 1. HP: 14/14 MP: 2/2
   353 | D:1      | Reached XP level 2. HP: 20/20 MP: 0/4
  1307 | D:2      | Reached XP level 3. HP: 7/26 MP: 0/6
  1614 | D:2      | Noticed Jessica
  1634 | D:2      | Killed Jessica
  1635 | D:2      | Reached XP level 4. HP: 33/33 MP: 1/8
  2161 | D:2      | Learned a level 1 spell: Animate Skeleton
  2165 | D:2      | Learned a level 3 spell: Vampiric Draining
  2590 | D:2      | Found a faded altar of an unknown god.
  2604 | D:2      | Became a worshipper of Hepliaklqana the Forgotten
  2604 | D:2      | Reached * piety under Hepliaklqana
  2634 | D:2      | Found Kaem's Armour Boutique.
  3181 | D:3      | Reached XP level 5. HP: 21/34 MP: 1/10
  3302 | D:3      | Found a faded altar of an unknown god.
  3302 | D:3      | Found an iron altar of Okawaru.
  3317 | D:3      | Found a shimmering altar of Xom.
  3319 | D:3      | Found a sacrificial altar of Ru.
  3525 | D:3      | Found an ornate altar of the Wu Jian Council.
  4132 | D:3      | Reached ** piety under Hepliaklqana
  4133 | D:3      | Remembered your ancestor Belshunu as a knight
  4577 | D:3      | Noticed an ogre
  4598 | D:3      | Killed an ogre
  4599 | D:3      | Reached skill level 5 in Spellcasting
  4599 | D:3      | Reached XP level 6. HP: 15/40 MP: 0/12
  4944 | D:4      | Reached skill level 5 in Necromancy
  5144 | D:4      | Reached skill level 1 in Fighting
  5144 | D:4      | Reached XP level 7. HP: 46/46 MP: 8/13
  5151 | D:4      | Noticed a two-headed ogre
  5524 | D:4      | Killed a two-headed ogre
  5525 | D:4      | Reached skill level 5 in Fighting
  5525 | D:4      | Reached XP level 8. HP: 62/62 MP: 6/14
  5630 | D:4      | Noticed Eustachio
  5642 | D:4      | Killed Eustachio
  6081 | D:5      | Entered Level 5 of the Dungeon
  6232 | D:5      | Identified the +1 robe "Ceakh" {Will+}
  6327 | D:5      | Reached *** piety under Hepliaklqana
  6459 | D:5      | Found a stormy altar of Qazlal.
  6475 | D:5      | Reached XP level 9. HP: 67/67 MP: 11/16
  6653 | D:5      | Found a glowing drain.
  6667 | Sewer    | Entered a sewer
  7102 | D:5      | Reached skill level 10 in Fighting
  7102 | D:5      | Reached XP level 10. HP: 84/84 MP: 17/17
  7103 | D:5      | Reached XP level 11. HP: 90/90 MP: 17/23
  7266 | D:6      | Noticed Pikel
  8132 | D:5      | Killed Pikel
  8228 | D:6      | Found a hide-covered altar of Uskayaw.
  8457 | D:6      | Reached skill level 1 in Ice Magic
  9122 | D:6      | Found a staircase to the Ecumenical Temple.
  9328 | D:7      | Found a blossoming altar of Fedhas.
  9473 | D:7      | Reached skill level 1 in Hexes
 10296 | D:8      | Noticed a centaur warrior
 10305 | D:8      | Shot with an arrow by a centaur warrior

Illustrated notes

Levels and vault maps discovered:
D:1:      lightli_iron_boxes, layout_loops_corners
D:2:      layout_basic, basic_altar, shapermc_ecumenical_altar_mp_ritualfount,
          serial_shops, shop, st_stairs_12, minmay_fractal_squares_5,
          uniq_jessica
D:3:      layout_basic, lemuel_coloured_pillars_altar,
          chequers_temple_overflow_minitemple, minmay_ogre_servants
D:4:      layout_basic, grunt_decor_junction, uniq_eustachio
D:5:      layout_cave_pools, mainiacjoe_overflow_brackets, portal_sewer_entry_b,
          serial_bayou, serial_bayou_pond_d, serial_bayou_ford_a,
          serial_bayou_pond_b, serial_bayou_pond_c
D:6:      layout_rooms, nicolae_uskayaw_dance_studio,
          minmay_temple_entry_stoned_glass, minmay_misc_feat_tiny,
          kennysheep_generic_room_15, uniq_pikel
D:7:      layout_rooms, fedhas_altar_2, grunt_decor_mini_mirrors
D:8:      hangedman_cross_stitches, layout_basic, serial_shops,
          nicolae_stop_n_shop_2, shop_statue, kennysheep_mini, uniq_maurice,
          uniq_maggie

Skill      XL: |  1  2  3  4  5  6  7  8  9 10 11 |
---------------+----------------------------------+-----
Spellcasting   | 2 3 4 5 9 |  9.8
Necromancy     | 5 7 8 11 | 11.9
Fighting       | 1 5 6 10 11 | 11.0
Ice Magic      | 1 |  1.6
Hexes          | 1 |  1.2
Dodging        | |  1.7
Stealth        | |  2.1
Shields        | |  0.9

Action                   |  1- 3 |  4- 6 |  7- 9 | 10-12 || total
-------------------------+-------+-------+-------+-------++-------
Melee: Unarmed           |    15 |    19 |    23 |    38 ||    95
 Cast: Pain              |    50 |   141 |   100 |    72 ||   363
       Animate Skeleton  |       |     1 |       |       ||     1
       Vampiric Draining |       |     2 |     2 |    16 ||    20
Invok: Ancestor Life: Kn |       |     1 |       |       ||     1
       Ancestor Identity |       |     1 |       |       ||     1
       Recall Ancestor   |       |       |     1 |     3 ||     4
  Use: Scroll            |       |     1 |     4 |       ||     5
       Potion            |       |     1 |     3 |     2 ||     6
Armor: Robe              |     1 |     3 |     3 |    10 ||    17
       Leather armour    |       |       |     2 |       ||     2
Dodge: Dodged            |    17 |    28 |    18 |    55 ||   118
Block: Buckler           |       |       |       |     3 ||     3
